Unix NetHack Version 3.7.0-97 Work-in-progress - last build Jan 20 2024 17:37:35 (157cf090cb53e479d994ec1a4552202481ff9585,branch:master). Game began 2024-01-27 10:09:15, ended 2024-01-27 10:41:17. elenmirie, lawful female human Knight ------- #.......###### #|.....| -------. ##|.....| ........# # -+-.--- |...>..@# # ### |.....di# # ## ------.-## ## ## ######### ## #### # ### ## ### # ----|- ###### # -----# |.....########## #.--+--- |....# |....| ## #......| |...| |....| |....<| |.... |..... |.....| ----- ------ |.....| ------- Elenmirie the Esquire St:17 Dx:8 Co:12 In:8 Wi:14 Ch:18 Lawful Dlvl:6 $:165 HP:0(42) Pw:30(30) AC:2 Xp:5/204 T:3035 Burdened Latest messages: In what direction? l Thwack!! In what direction? l Whammm!! In what direction? l Thwack!! In what direction? l Thwack!! In what direction? l Whammm!! In what direction? l As you kick the door, it crashes open! You hear someone cursing shoplifters. You kill the iguana! You swap places with the peaceful dwarf. You hear crashing rock. You stop. The dwarf is in the way! KABOOM!! You see a door explode. You hear crashing rock. The iguana misses! You miss the iguana. You miss the iguana. The iguana bites! The iguana bites! You miss the iguana. You hit the iguana! The little dog bites! The iguana bites! You kill the iguana! The little dog just misses! The little dog bites! The little dog bites! The little dog bites! You hit the little dog! The little dog bites! You miss the little dog. The little dog bites! You miss the little dog. The little dog bites! The little dog bites! The little dog bites! The manes misses! The manes hits! The manes bites! You die... Do you want your possessions identified? [ynq] (y) y Do you want to see your attributes? [ynq] (y) y Do you want an account of creatures vanquished? [ynaq] (y) y Do you want to see your conduct and achievements? [ynq] (y) y Do you want to see the dungeon overview? [ynq] (y) y Inventory: Coins $ - 165 gold pieces Weapons i - 12 uncursed +0 darts a - a blessed +1 long sword (weapon in right hand) b - an uncursed +1 lance (alternate weapon; not wielded) Armor d - an uncursed +0 helmet (being worn) f - an uncursed +0 pair of leather gloves (being worn) A - an uncursed +0 pair of leather gloves e - an uncursed +0 small shield (being worn) x - an uncursed +2 Hawaiian shirt with a sea turtle motif (being worn) c - an uncursed rusty +1 ring mail (being worn) Comestibles g - 12 uncursed apples h - 11 uncursed carrots r - 2 uncursed food rations t - an uncursed fortune cookie Scrolls C - a cursed scroll of enchant armor z - a cursed scroll of enchant weapon H - a blessed scroll of genocide J - an uncursed scroll of identify s - a blessed scroll of light w - an uncursed scroll of magic mapping L - an uncursed scroll of remove curse I - an uncursed scroll of taming n - an uncursed scroll of teleportation Potions G - an uncursed potion of booze p - a blessed potion of gain energy E - a blessed potion of healing o - an uncursed potion of restore ability Rings q - a cursed ring of polymorph Wands l - an uncursed wand of sleep (0:7) m - an uncursed wand of sleep (0:5) y - an uncursed wand of striking (0:5) Tools v - an uncursed magic marker (0:83) Elenmirie the Knight's attributes: Background: You were an Esquire, a level 5 female human Knight. You were lawful, on a mission for Lugh who was opposed by Brigit (neutral) and Manannan Mac Lir (chaotic). You were right-handed. You were in the Dungeons of Doom, on level 6. You entered the dungeon 3035 turns ago. There was a full moon in effect when your adventure ended. You had 204 experience points, 116 more were needed to attain level 6. Basics: You had 0 out of 42 hit points. You had all 30 energy points (spell power). Your armor class was 2. Your wallet contained 165 zorkmids. Autopickup was on for '$' plus thrown. Final Characteristics: Your strength was 17 (limit:18/100). Your dexterity was 8 (limit:18). Your constitution was 12 (limit:18). Your intelligence was 8 (limit:18). Your wisdom was 14 (limit:18). Your charisma was 18 (limit:18). Final Status: You weren't hungry. You were burdened; movement was slightly slowed. You were wielding a long sword. You had basic skill with long sword. Final Attributes: You were piously aligned. You were telepathic. You could jump. You were warded. You were lucky. You are dead. Miscellaneous: You encountered 1 bones level. Total elapsed playing time was 32 minutes. Major events: Turn 1: elenmirie the lawful female human Knight entered the dungeon 538: attained the rank of Esquire (level 3) 1319: entered the Gnomish Mines 3035: killed by a manes Vanquished creatures: a small mimic a pony a ghoul a little dog 2 floating eyes a rothe a giant bat a werejackal 4 iguanas a coyote a gas spore 3 manes 2 red molds 2 gnomes 3 geckos 5 jackals 2 foxes 3 kobolds a goblin 5 grid bugs 2 lichens 6 newts 49 creatures vanquished. No species were genocided or became extinct. Voluntary challenges: You read items or engraved 1 time. You never engraved Elbereth. You never genocided any monsters. You never polymorphed an object. You never changed form. You used no wishes. Achievements: You attained the rank of Esquire. You entered a shop. You entered the Gnomish Mines. The Dungeons of Doom: levels 1 to 6 Level 1: A fountain. Level 2: An altar to Lugh. Stairs down to The Gnomish Mines. Level 3: Level 4: A fountain. Level 5: Level 6: <- You were here. Final resting place for you, killed by a manes. The Gnomish Mines: Level 3: Final resting place for Ted-Pri-Hum-Fem-Neu, killed by a gnome lord. Game over: ---------- / \ / REST \ / IN \ / PEACE \ / \ | elenmirie | | 165 Au | | killed by a | | manes | | | | | | 2024 | *| * * * | * _________)/\\_//(\/(/\)/\//\/|_)_______ Fare thee well elenmirie the Knight... You died in The Dungeons of Doom on dungeon level 6 with 1215 points, and 165 pieces of gold, after 3035 moves. You were level 5 with a maximum of 42 hit points when you died.